 Dungeon Crawl Stone Soup version 0.31.0-11-ge490571c62 (webtiles) character file.

Game seed: 15973423281542499161

543 solopath the Ruffian (level 7, -9/66 HPs)
             Began as a Troll Fighter on Jan 29, 2024.
             Mangled by an ogre
             ... wielding a +0 giant club
              (27 damage)
             ... on level 4 of the Dungeon.
             The game lasted 00:02:09 (2075 turns).

solopath the Ruffian (Troll Fighter)                Turns: 2075, Time: 00:02:10

Health: -9/66      AC:  4    Str: 25    XL:     7   Next: 6%
Magic:  6/6        EV:  9    Int:  6    God:
Gold:   137        SH:  8    Dex:  9    Spells: 6/6 levels left

rFire   . .          .
                       - Unarmed
rCold   . . .        b - +0 kite shield
rNeg    . . .        a - +0 robe
rPois   .            (helmet restricted)
rElec   .            (no cloak)
rCorr   .            (gloves unavailable)
SInv    .            (boots unavailable)
Will    +....        (no amulet)
Stlth   +            j - ring of willpower
HPRegen 1.11/turn    u - ring of flight
MPRegen 0.10/turn

%: no passive effects
@: flying
A: large, unfitting armour, claws 3, regeneration 1, shaggy fur 1, tough skin 1
a: no special abilities


You were on level 4 of the Dungeon.
You visited 1 branch of the dungeon, and saw 4 of its levels.

You collected 137 gold pieces.

Inventory:

Missiles
 f - 4 curare-tipped darts (quivered)
Armour
 a - a +0 robe (worn)
 b - a +0 kite shield (worn)
Jewellery
 j - a ring of willpower (left claw)
 m - a ring of resist corrosion
 u - a ring of flight (right claw)
Talismans
 t - a dragon-blood talisman
Wands
 r - a wand of flame (22)
Scrolls
 d - a scroll of fog {unknown}
 e - 2 scrolls of noise {unknown}
 g - a scroll of fear {unknown}
 i - 10 scrolls of identify {unknown}
 k - a scroll of enchant armour {unknown}
 o - 3 scrolls of teleportation {unknown}
 p - a scroll of summoning {unknown}
 q - a scroll of amnesia {unknown}
 s - a scroll of revelation {unknown}
Potions
 c - a potion of might
 h - a potion of enlightenment {unknown}
 l - a potion of resistance {unknown}
 n - a potion of ambrosia {unknown}
 v - a potion of mutation {unknown}


   Skills:
 + Level 2.9 Fighting
 - Level 2.4 Dodging
 + Level 4.6 Shields
 * Level 6.2 Unarmed Combat


You had 6 spell levels left.
You didn't know any spells.
Your spell library was empty.

Dungeon Overview and Level Annotations

Branches:
Dungeon (4/15)
 Temple: D:4-7

Altars:
Fedhas
Trog


Innate Abilities, Weirdness & Mutations

You are too large for most types of armour.
You have claws for hands.
Your natural rate of healing is unusually fast.
You are covered in fur. (AC +1)
You have tough skin. (AC +1)


Message History

An adder is nearby!
An adder is nearby!
You claw the adder!
The adder is heavily wounded.
You block the adder's attack.
You claw the adder!
You kill the adder!
No target in view!
No target in view!
No target in view!
No target in view!
No target in view!
No target in view!
No target in view!
An ogre comes into view. It is wielding a +0 giant club.
The ogre shouts!
An ogre is nearby!
An ogre is nearby!
The ogre hits you with a +0 giant club!!
You barely miss the ogre. You closely miss the ogre.
You block the ogre's attack.
You closely miss the ogre. You barely miss the ogre.
The ogre closely misses you.
You claw the ogre!
The ogre is moderately wounded.
The ogre hits you with a +0 giant club!!
* * * LOW HITPOINT WARNING * * *
You are too injured to fight recklessly!
You are too injured to fight recklessly!
You are too injured to fight recklessly!
You are too injured to fight recklessly!
You are too injured to fight recklessly!
You are too injured to fight recklessly!
You are too injured to fight recklessly!
You scratch the ogre.
The ogre is heavily wounded.
You completely miss the ogre.
The ogre is heavily wounded.
The ogre hits you with a +0 giant club!!
You die...

################
................
................
................
.......O........
.......@.......
...........###+
....##...?.# ...
#.....# #
##.....#
#......#
#......#
.......#......#
.......#......#


You could see an ogre.

Vanquished Creatures
  Sigmund (D:4)
  An ogre (D:3)
  A hound (D:3)
  A jelly (D:4)
  Natasha (thrice) (D:2)
  An iguana (D:4)
  5 adders
  4 dart slugs
  3 ribbon worms (D:2)
  5 orcs (D:3)
  6 bats
  7 endoplasms
  A giant cockroach (D:1)
  4 goblins
  5 hobgoblins
  4 jackals
  6 kobolds
  4 quokkas
  8 ball pythons
  4 frilled lizards
  8 rats
82 creatures vanquished.

Notes
Turn   | Place    | Note
-------+----------+-------------------------------------------
     0 | D:1      | solopath the Troll Fighter began the quest for the Orb.
     0 | D:1      | Reached XP level 1. HP: 22/22 MP: 0/0
   147 | D:1      | Reached XP level 2. HP: 29/29 MP: 1/1
   458 | D:1      | Reached skill level 3 in Unarmed Combat
   509 | D:1      | Reached XP level 3. HP: 36/36 MP: 2/2
   667 | D:2      | Noticed Natasha
   675 | D:2      | Killed Natasha
   676 | D:2      | Reached XP level 4. HP: 44/44 MP: 3/3
   679 | D:2      | Noticed Natasha
   692 | D:2      | Killed Natasha
   693 | D:2      | Reached skill level 4 in Unarmed Combat
   925 | D:2      | Found a faded altar of an unknown god.
  1094 | D:2      | Noticed Natasha
  1103 | D:2      | Killed Natasha
  1104 | D:2      | Reached XP level 5. HP: 45/50 MP: 4/4
  1493 | D:3      | Reached skill level 5 in Unarmed Combat
  1518 | D:3      | Noticed an ogre
  1529 | D:3      | Killed an ogre
  1530 | D:3      | Reached XP level 6. HP: 34/59 MP: 5/5
  1815 | D:3      | Found a blossoming altar of Fedhas.
  1816 | D:3      | Found a bloodstained altar of Trog.
  1969 | D:4      | Noticed Sigmund
  1983 | D:4      | Killed Sigmund
  1984 | D:4      | Reached skill level 6 in Unarmed Combat
  2030 | D:4      | Reached XP level 7. HP: 62/66 MP: 6/6
  2075 | D:4      | Mangled by an ogre

Illustrated notes

Levels and vault maps discovered:
D:1:      amcnicky_arrival_gap_in_the_tavern_cellar, layout_basic, serial_glass,
          glass_columns_b, glass_columns_b
D:2:      kennysheep_six_static_rooms, layout_basic, basic_ecumenical_altar,
          grunt_ministairs_11, minmay_bisected, uniq_natasha
D:3:      layout_rooms, gammafunk_temple_overflow_pools
D:4:      layout_gridville, zin_angel, chequers_serial_rivers_micro_a,
          uniq_sigmund

Skill      XL: |  1  2  3  4  5  6 |
---------------+-------------------+-----
Shields        | 3 4 |  4.6
Unarmed Combat | 3 4 5 6 |  6.2
Fighting       | |  2.9
Dodging        | |  2.4

Action                     |  1- 3 |  4- 6 |  7- 9 || total
---------------------------+-------+-------+-------++-------
  Melee: Unarmed           |    57 |   136 |    12 ||   205
 Armour: Robe              |    32 |    91 |     4 ||   127
  Dodge: Dodged            |    15 |    47 |     2 ||    64
  Block: Kite shield       |    20 |    50 |     2 ||    72
